 Dungeon Crawl Stone Soup version 0.27-a0-54-g64bdb92e38 (webtiles) character file.

Game seed: 17266867436694087250

418 lessens the Chopper (level 6, -9/51 HPs)
             Began as a Draconian Monk on Jan 7, 2021.
             Mangled by an ogre
             ... wielding a +0 giant club
              (27 damage)
             ... on level 4 of the Dungeon.
             The game lasted 00:04:58 (4506 turns).

lessens the Chopper (Draconian Monk)                Turns: 4506, Time: 00:04:59

Health: -9/51      AC:  6    Str: 15    XL:     6   Next: 61%
Magic:  6/6        EV: 13    Int: 11    God:
Gold:   240        SH:  0    Dex: 13    Spells: 5/5 levels left

rFire    . . .     SeeInvis .   a - +0 hand axe
rCold    . . .     Faith    .   (no shield)
rNeg     . . .     Spirit   .   (armour unavailable)
rPois    .         Reflect  .   (helmet restricted)
rElec    .         Harm     .   (no cloak)
rCorr    .         Rampage  .   (no gloves)
Will     +....                  (no boots)
Stlth    ++........             (no amulet)
HPRegen  0.17/turn              k - ring of willpower
MPRegen  0.10/turn              s - ring of wizardry

@: no status effects
A: unfitting armour, cold-blooded, AC +6
a: no special abilities


You were on level 4 of the Dungeon.
You visited 1 branch of the dungeon, and saw 4 of its levels.

You collected 240 gold pieces.

Inventory:

Hand Weapons
 a - a +0 hand axe (weapon)
Missiles
 e - 206 stones
 g - 23 poisoned darts (quivered)
Armour
 r - a +1 cloak
Jewellery
 k - a ring of willpower (left hand)
 s - a ring of wizardry (right hand)
Scrolls
 b - 8 scrolls of identify {unknown}
 c - 5 scrolls of remove curse {unknown}
 f - a scroll of immolation {unknown}
 h - 2 scrolls of enchant weapon {unknown}
 i - a scroll of blinking {unknown}
 j - a scroll of random uselessness {unknown}
 l - 2 scrolls of magic mapping {unknown}
 q - a scroll of enchant armour {unknown}
 t - a scroll of amnesia {unknown}
Potions
 d - 2 potions of might {unknown}
 m - 2 potions of ambrosia {unknown}
 n - a potion of resistance {unknown}
 o - 2 potions of heal wounds {unknown}
 p - a potion of attraction {unknown}
 u - a potion of mutation {unknown}


   Skills:
 - Level 3.2 Fighting
 + Level 7.6 Axes
 - Level 2.6 Dodging
 - Level 1.7 Stealth


You had 5 spell levels left.
You didn't know any spells.
Your spell library was empty.

Dungeon Overview and Level Annotations

Branches:
Dungeon (4/15)
 Temple: D:4-7

Altars:
Sif Muna

Annotations:
D:4 2 transporters, exclusion: troll, Sonofthefire's ghost, amateur OpDe


Innate Abilities, Weirdness & Mutations

Your plain brown scales are hard. (AC +6)
You cannot fit into any form of body armour.
You are cold-blooded and may be slowed by cold attacks.


Message History

You tail-slap the ogre, but do no damage.
The ogre is heavily wounded.
The ogre hits you with a +0 giant club!!
You barely miss the ogre.
The ogre is heavily wounded.
The ogre hits you with a +0 giant club!
You hit the ogre but do no damage. You tail-slap the ogre.
The ogre is heavily wounded.
The ogre closely misses you.
Throw: 24 darts (poison)
Press: ? - help, Q - select action, (/) - cycle Shift-Dir - straight line, f/p - ogre
Aim: an ogre, wielding a +0 giant club (severely wounded, poisoned)
You throw a poisoned dart. The poisoned dart hits the ogre.
The ogre is severely wounded.
You hit the ogre.
The ogre is almost dead.
The ogre looks more healthy.
The ogre hits you with a +0 giant club!!
Ouch! That really hurt!
You die...

####.### #......#####
###..........#
#............#
#...#........#
#...#........#
#...#........####
######..O(......#####.##
#.@##..............
#..#.....#..#######
#..#..##.#..#W....©
#..#.>†.....#O.##..
#..##(####..#O#..#
#....(......#.#..#.
#.###.###..©#$.##..
#.#.#.#.#...#(....©
######'#..>..#..©#..##..


You could see an ogre.

Vanquished Creatures
  An ogre (D:3)
  A hound (D:4)
  A centaur skeleton (D:4)
  2 orc wizards (D:4)
  Terence (D:3)
  8 adders
  An ooze (D:4)
  2 worms (D:3)
  4 dart slugs
  3 leopard geckos (D:1)
  8 orcs
  8 giant cockroaches
  7 goblins
  5 hobgoblins
  12 jackals
  10 kobolds
  2 quokkas
  A ball python (D:1)
  12 bats
  2 frilled lizards
  2 jackal skeletons (D:4)
  A leopard gecko skeleton (D:4)
  9 rats
103 creatures vanquished.

Notes
Turn   | Place    | Note
-------+----------+-------------------------------------------
     0 | D:1      | lessens the Draconian Monk began the quest for the Orb.
     0 | D:1      | Reached XP level 1. HP: 19/19 MP: 1/1
   124 | D:1      | Reached XP level 2. HP: 18/26 MP: 2/2
   371 | D:1      | Reached skill level 4 in Axes
   482 | D:1      | Reached XP level 3. HP: 26/31 MP: 3/3
  2122 | D:2      | Found a shimmering blue altar of Sif Muna.
  2178 | D:2      | Reached XP level 4. HP: 38/38 MP: 4/4
  2182 | D:2      | Reached skill level 5 in Axes
  2797 | D:3      | Noticed an ogre
  3008 | D:3      | Killed an ogre
  3009 | D:3      | Reached skill level 6 in Axes
  3009 | D:3      | Reached XP level 5. HP: 30/45 MP: 5/5
  3189 | D:3      | Noticed Terence
  3223 | D:3      | Killed Terence
  3700 | D:4      | Reached XP level 6. HP: 50/51 MP: 6/6
  3701 | D:4      | Reached skill level 7 in Axes
  4017 | D:4      | Noticed a troll
  4438 | D:4      | Found a transporter.
  4449 | D:4      | Noticed Sonofthefire's ghost (amateur OpDe)
  4460 | D:4      | Found a transporter.
  4506 | D:4      | Mangled by an ogre

Illustrated notes

Levels and vault maps discovered:
D:1:      minmay_arrival_glassed_features, layout_loops_ring, grunt_decor_cap
D:2:      layout_basic, lemuel_blue_sif_altar, kennysheep_path_1
D:3:      layout_loops_cross, kennysheep_generic_room_3, uniq_terence
D:4:      layout_basic, gammafunk_ghost_smash, grunt_ministairs_5

Skill      XL: |  1  2  3  4  5  6 |
---------------+-------------------+-----
Axes           | 4 6 7 |  7.6
Fighting       | |  3.2
Dodging        | |  2.6
Stealth        | |  1.7

Action                   |  1- 3 |  4- 6 || total
-------------------------+-------+-------++-------
Melee: Hand axe          |   116 |   220 ||   336
       Tailslap          |     9 |    20 ||    29
Throw: Dart              |       |     6 ||     6
 Stab: Sleeping          |     6 |     1 ||     7
Armor: Skin              |    37 |    70 ||   107
Dodge: Dodged            |    95 |   157 ||   252

Table legend: (Time is in decaauts)
 A = Elapsed time spent in this place.
 B = Non-inter-level travel time spent in this place.
 C = Inter-level travel time spent in this place.
 D = Time resting spent in this place.
 E = Time spent auto-exploring this place.
 F = Levels seen in this place.
 G = Mean time per level.
                   A        B        C        D        E       F      G
               +--------+--------+--------+--------+--------+-----+--------+
         Total |   4514 |   4360 |    154 |   1032 |   2382 |   4 | 1128.5 |
       Dungeon |   4514 |   4360 |    154 |   1032 |   2382 |   4 | 1128.5 |
               +--------+--------+--------+--------+--------+-----+--------+

Top non-repeatable levels by time:
     D:3: 1566 daAuts
     D:2: 1422 daAuts
     D:1: 1135 daAuts
     D:4: 389 daAuts
